AoeStats
← R1b7n12

Arabia

510142043Analyzed
2v2 RM · 2d ago on Sep 29, 2026· 40m 22s· 4 players
Game mode
Random Map
Map size
Medium (4 player)
Population
200
Speed
Normal
Resources
Standard
Victory
Conquest
Starting age
Dark Age
Ending age
Imperial Age
RankedLock teamsTeams togetherTeam positionsShared explorationLock speedFull tech treeHidden civsTurbo modeCheats
Victory
Defeat
🇩🇪 Ethiopians · Germany
1085
+12
🇩🇪 Jurchens · Germany
919
+19
🇫🇷 Malians · France
1012
-16
🇪🇸 Poles · Spain
980
-15
paingemBN
10:28 Feudal Age
8:44 Loom
18:03 Double-Bit Axe
21:43 Castle Age
20:48 Padded Archer Armor
21:32 Wheelbarrow
21:43 Fletching
23:00 Scale Mail Armor
23:11 Forging
23:10 Scale Barding Armor
24:45 Light Cavalry
28:15 Bloodlines
30:31 Leather Archer Armor
Ccosmic
9:29 Feudal Age
9:33 Loom
9:50 Man-at-Arms
12:03 Forging
14:35 Scale Mail Armor
21:32 Castle Age
19:45 Double-Bit Axe
21:36 Long Swordsman
22:16 Squires
25:36 Gold Mining
26:16 Arson
SuperWarrior684
5:10 Loom
6:51 Loom
9:59 Feudal Age
15:20 Horse Collar
17:11 Double-Bit Axe
18:12 Forging
21:23 Wheelbarrow
20:34 Town Watch
25:06 Castle Age
23:53 Scale Barding Armor
24:03 Bloodlines
26:33 Iron Casting
26:18 Chain Barding Armor
26:00 Husbandry
26:26 Husbandry
25:47 Light Cavalry
41:28 Imperial Age
R1b7n12
7:43 Loom
10:28 Feudal Age
11:35 Double-Bit Axe
13:05 Horse Collar
15:46 Fletching
25:50 Castle Age
23:45 Gold Mining
23:58 Padded Archer Armor
25:46 Wheelbarrow
26:00 Crossbowman
26:38 Bodkin Arrow
27:16 Leather Archer Armor
31:38 Ballistics
37:20 Imperial Age
37:17 Bow Saw
37:33 Arbalester
38:16 Bracer
38:47 Ring Archer Armor
39:22 Chemistry
40:38 Heated Shot
40:57 Thumb Ring
Connection lost

Rejoining the realm…

Still unreachable

The connection could not be restored.

Session expired

The server has moved on; the page needs a fresh start.